 Dungeon Crawl Stone Soup version 0.26-a0-651-gb41185065b (webtiles) character file.

Game seed: 8411969487618675940

2 Ozzies the Sneak (level 1, -1/9 HPs)
             Began as a Spriggan Enchanter on Oct 7, 2020.
             Slain by a kobold
             ... wielding a +0 short sword
              (6 damage)
             ... on level 1 of the Dungeon.
             The game lasted 00:01:19 (105 turns).

Ozzies the Sneak (Spriggan Enchanter)                Turns: 105, Time: 00:01:19

Health: -1/9       AC:  2    Str:  4    XL:     1   Next: 25%
Magic:  5/5        EV: 18    Int: 16    God:
Gold:   12         SH:  0    Dex: 16    Spells: 4/5 levels left

rFire    . . .     SeeInvis +   a - +1 dagger
rCold    . . .     Faith    .   (shield restricted)
rNeg     . . .     Spirit   .   b - +0 robe
rPois    .         Reflect  .   (helmet restricted)
rElec    .         Harm     .   (no cloak)
rCorr    .         Rampage  .   (gloves unavailable)
MR       .....                  (boots unavailable)
Stlth    +++.......             (no amulet)
HPRegen  0.03/turn              (no ring)
MPRegen  0.09/turn              (no ring)

@: very quick
A: very small, unfitting armour, see invisible, speed 3
a: no special abilities


You were on level 1 of the Dungeon.
You visited 1 branch of the dungeon, and saw 1 of its levels.

You collected 12 gold pieces.

Inventory:

Hand Weapons
 a - a +1 dagger (weapon)
Armour
 b - a +0 robe (worn)
Potions
 c - a potion of resistance {unknown}


   Skills:
 + Level 1.1 Short Blades
 - Level 3.0 Dodging
 * Level 4.5 Stealth
 + Level 2.7 Spellcasting
 + Level 3.6 Hexes


You had 4 spell levels left.
You knew the following spells:

 Your Spells              Type           Power        Failure   Level
a - Corona                Hex            ##.....      4%          1

Your spell library contained the following spells:

 Spells                   Type           Power        Failure   Level
 Confusing Touch          Hex            ##......     13%         3
 Tukima's Dance           Hex            ##......     13%         3
 Ensorcelled Hibernation  Hex/Ice        #.....       14%         2
 Dazzling Flash           Conj/Hex       #.....       26%         3


Dungeon Overview and Level Annotations

Branches:
Dungeon (1/15)

Altars:


Innate Abilities, Weirdness & Mutations

You are very small and have problems with some larger weapons.
You are too small for most types of armour.
You have supernaturally acute eyesight. (SInv)
You cover ground extremely quickly.


Message History

Welcome, Ozzies the Spriggan Enchanter.
Will you prevail where others failed? Will you find the Orb of Zot?
Press ? for a list of commands and other information.
Found a staircase leading out of the dungeon.
Okay, then.
c - a fizzy orange potion
There is a staircase leading out of the dungeon here.
Found a stone staircase leading down.
You open the door.
A goblin comes into view.
The goblin shouts!
The goblin closely misses you.
There is an open door here.
You hit the goblin.
The goblin is severely wounded.
The goblin misses you.
You miss the goblin.
The goblin is severely wounded.
The goblin closely misses you.
You hit the goblin.
The goblin is almost dead.
The goblin hits you but does no damage.
You hit the goblin.
You kill the goblin!
No target in view!
No target in view!
You open the door.
There is an open door here.
Found a stone staircase leading down.
You now have 12 gold pieces.
A giant cockroach comes into view.
No target in view!
A bat comes into view.
A kobold comes into view. It is wielding a +0 short sword.
The helpless bat fails to defend itself.
You impale the bat!!
You kill the bat!
A goblin comes into view.
The goblin shouts!
The giant cockroach barely misses you. The giant cockroach barely misses you.
The giant cockroach closely misses you. The kobold barely misses you.
You closely miss the kobold. The giant cockroach barely misses you.
The kobold barely misses you.
You hit the kobold but do no damage. The giant cockroach closely misses you.
You hit the kobold but do no damage. The kobold misses you.
The giant cockroach barely misses you. The goblin hits you.
You hit the kobold but do no damage. The kobold completely misses you.
The giant cockroach barely misses you. The goblin completely misses you.
You barely miss the kobold.
The kobold hits you with a +0 short sword.
The giant cockroach bites you. The goblin closely misses you.
You hit the kobold but do no damage.
The giant cockroach bites you but does no damage.
The kobold barely misses you. The giant cockroach barely misses you.
You hit the kobold but do no damage. The goblin barely misses you.
The kobold closely misses you. The giant cockroach misses you.
You hit the kobold.
The kobold is moderately wounded.
The goblin misses you. The kobold closely misses you.
The giant cockroach barely misses you.
You hit the kobold.
The kobold is severely wounded.
The goblin completely misses you.
The kobold hits you with a +0 short sword.
Ouch! That really hurt!
You die...

### ..# #.#
####.####
#.........#
#.####g##.# #.
#...K@....#
#.#
#.####s##.#
#.# #.# #.##.#
#.#
#.####.##.#
#.#
#.#.......#
#.#
#.......###
#.####.####.##
#......# #.#
#.####.# #.#


You could see a giant cockroach, a goblin and a kobold.

Vanquished Creatures
  A goblin (D:1)
  A bat (D:1)
2 creatures vanquished.

Notes
Turn   | Place    | Note
-------+----------+-------------------------------------------
     0 | D:1      | Ozzies the Spriggan Enchanter began the quest for the Orb.
     0 | D:1      | Reached XP level 1. HP: 9/9 MP: 5/5
   105 | D:1      | Slain by a kobold

Illustrated notes

Levels and vault maps discovered:
D:1:      dpeg_arrival_lava_altar, layout_basic

Action                   || total
-------------------------++-------
Melee: Dagger            ||    14
 Stab: Sleeping          ||     1
Armor: Robe              ||     2
Dodge: Dodged            ||    25

Table legend: (Time is in decaauts)
 A = Elapsed time spent in this place.
 B = Non-inter-level travel time spent in this place.
 C = Inter-level travel time spent in this place.
 D = Time resting spent in this place.
 E = Time spent auto-exploring this place.
 F = Levels seen in this place.
 G = Mean time per level.
                   A        B        C        D        E       F      G
               +--------+--------+--------+--------+--------+-----+--------+
         Total |     69 |     69 |      0 |      0 |     46 |   1 |   69.0 |
       Dungeon |     69 |     69 |      0 |      0 |     46 |   1 |   69.0 |
               +--------+--------+--------+--------+--------+-----+--------+

Top non-repeatable levels by time:
     D:1: 69 daAuts
